AoeStats
← EXILS_FERNANDO

African Clearing

510569995Analyzed
4v4 RM · 21h ago on Oct 1, 2026· 57m 1s· 8 players
Game mode
Random Map
Map size
Large (8 player)
Population
200
Speed
Normal
Resources
Standard
Victory
Conquest
Starting age
Dark Age
Ending age
Imperial Age
RankedLock teamsTeams togetherTeam positionsShared explorationLock speedFull tech treeHidden civsTurbo modeCheats
Victory
Defeat
🇭🇰 Hindustanis · Hong Kong SAR China
1056
+17
🇭🇰 Vietnamese · Hong Kong SAR China
1044
+18
🇨🇳 Spanish · China
1038
+18
🇵🇪 Burgundians · Peru
1016
+18
🇿🇦 Spanish · South Africa
1091
-18
🇨🇴 Teutons · Colombia
1086
-18
🇧🇴 Huns · Bolivia
1084
-18
🇬🇧 Japanese · United Kingdom
1066
-17
命格
6:00 Loom
16:57 Feudal Age
20:57 Castle Age
19:02 Double-Bit Axe
20:30 Bloodlines
21:18 Gold Mining
21:31 Horse Collar
27:01 Scale Barding Armor
28:01 Forging
28:33 Husbandry
28:56 Chain Barding Armor
29:52 Bow Saw
29:49 Stone Mining
31:52 Wheelbarrow
31:56 Iron Casting
33:13 Hand Cart
36:48 Heavy Plow
39:21 Imperial Age
36:48 Fletching
37:32 Murder Holes
39:25 Scale Mail Armor
39:30 Padded Archer Armor
39:26 Bodkin Arrow
40:42 Conscription
40:13 Cavalier
42:43 Blast Furnace
42:19 Plate Barding Armor
44:15 Chemistry
46:54 Leather Archer Armor
47:34 Ballistics
47:20 Bracer
48:23 Paladin
49:17 Masonry
55:12 Squires
55:00 Gambesons
54:37 Pikeman
57:56 Two-Man Saw
idle villager
12:42 Loom
14:28 Feudal Age
19:15 Castle Age
17:42 Double-Bit Axe
17:39 Horse Collar
20:58 Bow Saw
20:50 Heavy Plow
25:38 Wheelbarrow
25:47 Wheelbarrow
27:45 Scale Barding Armor
28:26 Bloodlines
28:17 Husbandry
30:29 Gold Mining
36:23 Imperial Age
33:55 Padded Archer Armor
34:18 Ballistics
35:13 Leather Archer Armor
36:40 Chain Barding Armor
37:05 Thumb Ring
37:24 Conscription
37:05 Shatagni
38:09 Two-Man Saw
37:41 Ring Archer Armor
38:15 Chemistry
37:11 Heavy Camel Rider
39:10 Plate Barding Armor
39:18 Gold Shaft Mining
38:35 Stone Mining
39:06 Grand Trunk Road
39:40 Light Cavalry
41:17 Hussar
44:44 Siege Engineers
46:51 Fortified Wall
47:53 Forging
48:22 Imperial Camel Rider
51:44 Fletching
52:30 Iron Casting
52:07 Masonry
57:13 Blast Furnace
YB
4:59 Loom
15:57 Feudal Age
15:01 Double-Bit Axe
20:13 Wheelbarrow
20:15 Bow Saw
21:24 Horse Collar
21:40 Town Watch
29:00 Hand Cart
36:07 Castle Age
34:12 Scale Mail Armor
34:23 Forging
35:11 Heavy Plow
38:51 Scale Barding Armor
40:00 Burgundian Vineyards
46:14 Iron Casting
45:54 Chain Mail Armor
47:23 Coinage
48:42 Crop Rotation
51:18 Two-Man Saw
53:30 Imperial Age
53:15 Fortified Wall
53:16 Masonry
52:47 Treadmill Crane
54:49 Plate Mail Armor
56:22 Blast Furnace
55:24 Flemish Revolution
香江七百萬大才子
6:23 Loom
14:52 Feudal Age
19:32 Castle Age
18:12 Stone Mining
22:07 Double-Bit Axe
22:15 Gold Mining
50:57 Imperial Age
48:09 Light Cavalry
48:59 Bloodlines
49:43 Bloodlines
50:53 Husbandry
52:41 Wheelbarrow
51:50 Horse Collar
52:23 Forging
52:19 Scale Barding Armor
52:25 Chatras
53:30 Fletching
54:16 Iron Casting
54:51 Paper Money
56:22 Elite Rattan Archer
Lampy
4:30 Loom
15:12 Feudal Age
19:00 Castle Age
20:12 Double-Bit Axe
23:44 Bow Saw
25:32 Wheelbarrow
25:19 Scale Mail Armor
25:30 Forging
25:50 Pikeman
28:12 Horse Collar
33:10 Chain Mail Armor
33:31 Iron Casting
33:54 Hand Cart
35:11 Squires
34:56 Arson
36:28 Iron Casting
40:03 Imperial Age
41:04 Capped Ram
41:22 Elite Samurai
42:59 Onager
44:22 Ballistics
50:24 Conscription
51:40 Coinage
Straat Kat
11:43 Loom
13:31 Feudal Age
19:01 Castle Age
25:19 Double-Bit Axe
27:16 Sanctity
27:08 Fervor
28:11 Padded Archer Armor
28:51 Scale Barding Armor
30:02 Leather Archer Armor
37:12 Wheelbarrow
41:06 Chain Barding Armor
44:42 Imperial Age
43:43 Forging
47:03 Ring Archer Armor
47:09 Plate Barding Armor
47:09 Iron Casting
46:59 Conscription
47:44 Bloodlines
46:55 Cavalier
48:03 Husbandry
50:51 Blast Furnace
53:03 Hand Cart
R0F | [0] | PEDRO
10:41 Loom
13:50 Feudal Age
14:56 Double-Bit Axe
15:50 Fletching
29:47 Castle Age
36:23 Bow Saw
40:10 Horse Collar
48:58 Imperial Age
50:03 Conscription
49:41 Bodkin Arrow
49:47 Padded Archer Armor
50:19 Elite Skirmisher
51:01 Pikeman
51:43 Squires
52:08 Leather Archer Armor
53:22 Ring Archer Armor
55:01 Chemistry
54:22 Ballistics
55:26 Halberdier
EXILS_FERNANDO
8:15 Loom
12:38 Loom
14:41 Feudal Age
19:06 Castle Age
18:44 Double-Bit Axe
20:38 Fletching
23:45 Horse Collar
29:05 Heavy Plow
31:02 Scale Barding Armor
33:09 Chain Barding Armor
34:02 Bloodlines
33:53 Husbandry
34:10 Bodkin Arrow
35:38 Forging
35:50 Stone Mining
35:55 Gold Mining
38:15 Iron Casting
38:15 Marauders
38:21 Husbandry
40:56 Light Cavalry
46:12 Gold Shaft Mining
49:34 Imperial Age
47:09 Padded Archer Armor
47:09 Elite Skirmisher
48:34 Wheelbarrow
47:44 Town Watch
48:59 Ballistics
51:45 Chemistry
51:21 Plate Barding Armor
51:04 Bracer
52:11 Bow Saw
52:22 Hand Cart
52:08 Town Patrol
53:19 Blast Furnace
53:41 Leather Archer Armor
53:32 Murder Holes
54:13 Conscription
53:24 Cavalier
Connection lost

Rejoining the realm…

Still unreachable

The connection could not be restored.

Session expired

The server has moved on; the page needs a fresh start.